 Dungeon Crawl Stone Soup version 0.29-a0-22-gbf593b16ee (webtiles) character file.

Game seed: 15080046859822115709

21613 HallandMoats the Grappler (level 12, -2/112 HPs)
             Began as a Ghoul Monk on Jan 29, 2022.
             Was an Elder of Qazlal.
             Slain by a +6 long sword (9 damage)
             ... on level 14 of the Dungeon.
             The game lasted 00:20:10 (16316 turns).

HallandMoats the Grappler (Ghoul Monk)             Turns: 16316, Time: 00:20:10

Health: -2/112     AC: 16    Str: 20    XL:     12   Next: 91%
Magic:  19/19      EV:  9    Int:  5    God:    Qazlal [****..]
Gold:   438        SH: 17    Dex: 11    Spells: 11/11 levels left

rFire   . . .      SeeInvis .     - Unarmed
rCold   + . .      Faith    .   L - +2 buckler
rNeg    + + +      Spirit   .   F - +0 chain mail {Will+}
rPois   ∞          Reflect  +   s - +1 helmet
rElec   .          Harm     .   m - +2 cloak
rCorr   .          Rampage  .   (no gloves)
Will    ++...                   (no boots)
Stlth   ..........              x - amulet of reflection
HPRegen 0.00/turn               i - +4 ring of slaying
MPRegen 0.16/turn               u - ring of willpower

@: about to teleport, inhibited regen, studying Short Blades, repel missiles
A: claws 1, cold resistance 1, negative energy resistance 3, inhibited
regeneration, torment resistance 2
a: Renounce Religion, Upheaval, Elemental Force


You were on level 14 of the Dungeon.
You worshipped Qazlal.
Qazlal was greatly pleased with you.
You visited 1 branch of the dungeon, and saw 14 of its levels.

You collected 688 gold pieces.
You spent 250 gold pieces at shops.

Inventory:

Armour
 m - a +2 cloak (worn)
 s - a +1 helmet (worn)
 F - a +0 chain mail of willpower (worn)
 L - a +2 buckler (worn)
Jewellery
 e - an amulet of the acrobat
 i - a +4 ring of slaying (left claw)
 k - a +4 ring of protection
 t - a ring of fire
 u - a ring of willpower (right claw)
 x - an amulet of reflection (around neck)
 y - a ring of ice
 D - an amulet of guardian spirit
 N - a ring of ice
 O - a ring of fire
Wands
 p - a wand of flame (20)
 r - a wand of paralysis (19)
 w - a wand of iceblast (2)
 M - a wand of mindburst (2)
Scrolls
 b - 4 scrolls of immolation
 f - 8 scrolls of teleportation
 g - 4 scrolls of enchant armour
 h - 4 scrolls of identify
 j - 3 scrolls of fear
 n - 2 scrolls of magic mapping
 q - a scroll of torment
 A - 3 scrolls of amnesia
 C - 3 scrolls of enchant weapon
 G - 3 scrolls of vulnerability {unknown}
 H - a scroll of summoning
 I - a scroll of brand weapon {unknown}
 J - a scroll of blinking {unknown}
 K - 2 scrolls of silence {unknown}
 P - a scroll of acquirement {unknown}
 Q - a scroll of fog {unknown}
Potions
 a - 5 potions of mutation
 c - 4 potions of flight
 d - a potion of haste
 l - 3 potions of curing
 o - 2 potions of magic
 v - 5 potions of might
 z - 4 potions of heal wounds
 B - 2 potions of brilliance {unknown}
 E - a potion of ambrosia {unknown}


   Skills:
 * Level 11.9 Fighting
 + Level 6.6 Armour
 + Level 7.3 Dodging
 - Level 2.1 Stealth
 * Level 3.3 Shields
 * Level 11.9 Unarmed Combat
 * Level 11.4 Invocations


You had 11 spell levels left.
You didn't know any spells.
Your spell library contained the following spells:

 Spells                   Type           Power      Damage    Failure   Level
 Magic Dart               Conj           0%         1d3       99%         1
 Call Imp                 Summ           0%         N/A       100%        2
 Searing Ray              Conj           0%         2d4       100%        2
 Mephitic Cloud           Conj/Pois/Air  0%         N/A       100%        3
 Airstrike                Air            0%         N/A       100%        4
 Fulminant Prism          Conj/Hex       0%         3d6       100%        4
 Hailstorm                Conj/Ice       0%         3d3       100%        4
 Summon Ice Beast         Ice/Summ       0%         N/A       100%        4
 Summon Lightning Spire   Summ/Air       0%         N/A       100%        4
 Fireball                 Conj/Fire      0%         3d3       100%        5
 Lightning Bolt           Conj/Air       0%         1d11      100%        5
 Summon Mana Viper        Hex/Summ       0%         N/A       100%        5
 Simulacrum               Ice/Necr       0%         N/A       100%        6
 Starburst                Conj/Fire      0%         6d3       100%        6
 Monstrous Menagerie      Summ           0%         N/A       100%        7
 Ignition                 Fire           0%         3d3       100%        8
 Ice Form                 Ice/Tmut       Unusable   N/A       N/A         4

Dungeon Overview and Level Annotations

Branches:
Dungeon (14/15)            Temple (0/1) D:6            Lair (0/6) D:8
    Orc (0/2) D:9
 Vaults: D:13-14

Altars:
Cheibriados
Dithmenos
Elyvilon
Gozag
Nemelex Xobeh
Okawaru
Qazlal
Trog
Uskayaw
Wu Jian
Xom

Shops:
D:6 !   D:12 [*=[*

Annotations:
D:3 1 runed translucent door, bande's ghost, amateur GrFi
D:7 1 runed translucent door, enile's ghost, novice GnWn
D:12 1 runed translucent door, Zewas's ghost, journeyman HuFi


Innate Abilities, Weirdness & Mutations

You thrive by killing the living.
You are immune to poison.
You have sharp fingernails.
Your flesh is cold resistant. (rC+)
You are immune to negative energy. (rN+++)
You do not regenerate when monsters are visible.
You are immune to unholy pain and torment.


Message History

The tengu warrior is lightly wounded.
The tengu warrior hits you but does no damage.
You block the tengu warrior's attack.
The tengu warrior claws you but does no damage.
You block the +7 long sword's attack.
A tengu conjurer comes into view.
The tengu warrior blocks your attack.
The tengu warrior is lightly wounded.
The +7 long sword hits you.
The tengu warrior hits you but does no damage.
The tengu warrior pecks you.
The tengu warrior claws you but does no damage.
The +6 long sword hits you! The +7 long sword hits you!
You barely miss the tengu warrior.
The tengu warrior is lightly wounded.
You block the +6 long sword's attack.
The tengu warrior is struck by lightning.
The tengu warrior hits you with a +0 long sword.
The tengu warrior pecks you but does no damage.
The tengu warrior claws you but does no damage.
The +7 long sword barely misses you.
You closely miss the tengu warrior.
The tengu warrior is moderately wounded.
You block the +6 long sword's attack.
The +7 long sword hits you but does no damage.
You block the tengu warrior's attack. x2; The tengu warrior claws you.
The +6 long sword hits you! The +7 long sword hits you!!
Unknown command.
You are too injured to fight recklessly!
The tengu warrior is struck by lightning.
The tengu conjurer points at you and mumbles some strange words.
The bolt of lightning hits the +7 long sword.
The +7 long sword completely resists.
The bolt of lightning hits you!!
* * * LOW HITPOINT WARNING * * *
There is an open door here.
The +6 long sword hits you!
* * * LOW HITPOINT WARNING * * *
As you read the scroll of teleportation, it crumbles to dust.
You feel strangely unstable. The +6 long sword hits you!
You die...

##.# ##..#
##..##
#..## #.##
#.# ###.#
#...# #@###
##(########
#.(Q.......
#..........
#°..°..<...
#!....Q....
#.....<....
#..........
#......!.:.


You could see a tengu warrior, a tengu conjurer and 2 dancing weapons.

Vanquished Creatures
  2 boulder beetles
  2 hydras
  A two-headed ogre (D:9)
  2 catoblepae (D:13)
  A centaur warrior (D:11)
  A deep elf pyromancer (D:11)
  3 manticores
  2 ugly things
  A cyclops (D:13)
  A gargoyle (D:11)
  2 komodo dragons
  A kobold demonologist (D:12)
  An efreet (D:12)
  A rime drake (shapeshifter) (D:11)
  2 trolls
  Grinder (D:4)
  9 slime creatures
  A centaur simulacrum (D:12)
  A shadow (D:12)
  2 wyverns (D:8)
  2 wraiths
  4 vampire mosquitoes
  5 basilisks
  18 yaks
  A steam dragon (D:8)
  2 acid dragons
  2 water moccasins (D:6)
  A meliai simulacrum (D:11)
  4 orc warriors
  3 necrophages
  2 sky beasts
  2 black bears
  2 ogres
  4 centaurs
  3 kobold brigands
  2 wyvern zombies
  7 scorpions
  A water moccasin zombie (D:5)
  A water moccasin skeleton (D:4)
  An electric eel (D:12)
  8 wights
  4 howler monkeys
  5 centaur zombies
  4 hounds
  5 orc priests
  A bullfrog skeleton (D:7)
  3 centaur skeletons
  A jelly (D:5)
  An iguana (D:6)
  8 orc wizards
  2 killer bee zombies
  Robin (D:4)
  2 howler monkey zombies
  7 gnolls
  2 howler monkey skeletons
  6 adders
  2 ufetubi
  An adder zombie (D:5)
  A worm (D:2)
  3 dart slugs
  44 orcs
  5 ball pythons
  9 endoplasms
  5 giant cockroaches
  17 goblins
  8 hobgoblins
  2 jackals (D:3)
  6 quokkas
  15 bats
  6 frilled lizards
  27 kobolds
  A rat (D:2)
  A bush (D:7)
317 creatures vanquished.

Vanquished Creatures (collateral kills)
  An acid dragon (D:8)
  An orc warrior (D:8)
  A kobold brigand (D:8)
  3 orcs (D:8)
  2 kobolds (D:8)
8 creatures vanquished.

Vanquished Creatures (others)
  An ogre mage (D:11)
  Sonja (D:10)
  4 fungi (D:3)
6 creatures vanquished.

Grand Total: 331 creatures vanquished

Notes
Turn   | Place    | Note
-------+----------+-------------------------------------------
     0 | D:1      | HallandMoats the Ghoul Monk began the quest for the Orb.
     0 | D:1      | Reached XP level 1. HP: 19/19 MP: 0/0
   132 | D:1      | Reached XP level 2. HP: 26/26 MP: 1/1
   307 | D:1      | Reached skill level 1 in Invocations
   549 | D:1      | Reached XP level 3. HP: 31/31 MP: 2/2
  1539 | D:1      | Reached XP level 4. HP: 11/40 MP: 4/4
  1767 | D:2      | Reached skill level 1 in Armour
  2166 | D:2      | Found a faded altar of an unknown god.
  2481 | D:2      | Reached XP level 5. HP: 46/46 MP: 5/5
  2785 | D:3      | Found a shimmering altar of Xom.
  2786 | D:3      | Found a stormy altar of Qazlal.
  2807 | D:3      | Found a hide-covered altar of Uskayaw.
  3298 | D:3      | Found a sparkling altar of Nemelex Xobeh.
  3344 | D:3      | Found a runed translucent door.
  3346 | D:3      | Noticed bande's ghost (amateur GrFi)
  3630 | D:3      | Became a worshipper of Qazlal Stormbringer
  3630 | D:3      | Reached * piety under Qazlal
  3630 | D:3      | Reached ** piety under Qazlal
  3765 | D:4      | Noticed a black bear
  3772 | D:4      | Reached XP level 6. HP: 47/53 MP: 5/7
  3777 | D:4      | Killed a black bear
  3797 | D:4      | Reached skill level 5 in Unarmed Combat
  3905 | D:4      | Reached skill level 5 in Fighting
  3905 | D:4      | Reached XP level 7. HP: 61/61 MP: 8/8
  3907 | D:4      | Noticed Grinder
  3928 | D:4      | Killed Grinder
  4015 | D:4      | Found an ornate altar of the Wu Jian Council.
  4018 | D:4      | Found a snail-covered altar of Cheibriados.
  4022 | D:4      | Found a shadowy altar of Dithmenos.
  4160 | D:4      | Noticed Robin
  4200 | D:4      | Killed Robin
  4524 | D:5      | Entered Level 5 of the Dungeon
  4570 | D:5      | Reached XP level 8. HP: 62/70 MP: 10/10
  4832 | D:5      | Reached skill level 5 in Invocations
  5376 | D:5      | Found a bloodstained altar of Trog.
  5461 | D:6      | Found Boh Muim's Distillery.
  5471 | D:6      | Bought a potion of heal wounds for 70 gold pieces
  5519 | D:6      | Reached XP level 9. HP: 70/78 MP: 12/12
  5650 | D:6      | Reached *** piety under Qazlal
  5697 | D:6      | Found a staircase to the Ecumenical Temple.
  7031 | D:7      | Found an iron altar of Okawaru.
  7045 | D:7      | Noticed a komodo dragon
  7054 | D:7      | Killed a komodo dragon
  7055 | D:7      | Reached skill level 5 in Dodging
  7162 | D:7      | Found a runed translucent door.
  7163 | D:7      | Noticed enile's ghost (novice GnWn)
  7516 | D:8      | Reached XP level 10. HP: 29/88 MP: 14/14
  8014 | D:8      | Reached **** piety under Qazlal
  8102 | D:8      | Found an opulent altar of Gozag.
  8801 | D:8      | Found a staircase to the Lair.
  9578 | D:9      | You fall into a shaft and drop 3 floors!
  9819 | D:11     | Noticed a gargoyle
  9831 | D:11     | Killed a gargoyle
  9832 | D:11     | Reached skill level 5 in Armour
  9898 | D:11     | Noticed a centaur warrior
  9902 | D:11     | Noticed a purple ugly thing
  9906 | D:11     | Noticed an ogre mage
  9910 | D:11     | Noticed a deep elf pyromancer
 10418 | D:11     | Noticed a manticore
 10430 | D:11     | Killed a manticore
 10431 | D:11     | Reached XP level 11. HP: 86/99 MP: 16/16
 10487 | D:11     | Killed a centaur warrior
 10711 | D:11     | Killed an ogre mage
 10712 | D:11     | Killed a deep elf pyromancer
 10713 | D:11     | Reached skill level 10 in Fighting
 10713 | D:11     | Reached skill level 10 in Unarmed Combat
 10739 | D:11     | Killed a purple ugly thing
 10858 | D:11     | Noticed a boulder beetle
 11142 | D:11     | Killed a boulder beetle
 11319 | D:10     | Entered Level 10 of the Dungeon
 11770 | D:10     | Noticed Sonja
 11790 | D:10     | Killed Sonja
 12156 | D:9      | Found a staircase to the Orcish Mines.
 12196 | D:9      | Noticed a two-headed ogre
 12205 | D:9      | Killed a two-headed ogre
 12206 | D:9      | Reached skill level 10 in Invocations
 12950 | D:12     | Found Tanes's Jewellery Boutique.
 13314 | D:11     | Reached XP level 12. HP: 106/110 MP: 18/18
 13371 | D:12     | Found Qariexof's General Store.
 13565 | D:12     | Found Titilo's Antique Armour Emporium.
 13573 | D:12     | Bought a runed buckler for 180 gold pieces
 13579 | D:12     | Noticed a six-headed hydra
 13587 | D:12     | Killed a six-headed hydra
 14054 | D:12     | Found Ceavireav's Armour Shoppe.
 14070 | D:12     | Reached skill level 1 in Shields
 14233 | D:12     | Found Estottip's General Store.
 14306 | D:12     | Found a runed translucent door.
 14308 | D:12     | Noticed Zewas's ghost (journeyman HuFi)
 14659 | D:13     | Noticed a catoblepas
 15252 | D:13     | Killed a catoblepas
 15593 | D:13     | Noticed a boulder beetle
 15612 | D:13     | Killed a boulder beetle
 15651 | D:13     | Noticed a catoblepas
 15661 | D:13     | Killed a catoblepas
 16112 | D:14     | Noticed a five-headed hydra
 16117 | D:14     | Killed a five-headed hydra
 16304 | D:14     | Noticed a tengu warrior
 16316 | D:14     | Slain by a +6 long sword

Illustrated notes

Levels and vault maps discovered:
D:1:      sevenhm_arrival_forest_fort_large_4, layout_loops_cross
D:2:      layout_loops_ring, hellmonk_ecumenical_altar_arch_garden,
          kennysheep_generic_room_6
D:3:      layout_basic, grunt_temple_overflow_open,
          mainiacjoe_overflow_catch_the_wave, ebering_ghost_reflecting_pool
D:4:      layout_cave_pools, grunt_temple_overflow_diamond,
          nicolae_concentric_dashed_squares_mild, uniq_grinder, uniq_robin
D:5:      layout_loops_ring, kennysheep_diamond
D:6:      minmay_diamond_boxcup, layout_layer_cave,
          minmay_temple_entry_overgrown, serial_shops, nicolae_square_shop
D:7:      layout_cave_pools, lemuel_tele_altar, gammafunk_ghost_grave,
          serial_co_window_serial, co_window_corner_a, co_window_corner_a,
          co_window_of_opportunity_a, co_window_corner_a, co_window_corner_a,
          co_window_paths_a, co_window_corner_a, co_window_broadway_b,
          co_window_broadway_a, co_window_unsneaky_path_c, glass_columns_a,
          kb_lookout_dungeons_type
D:8:      black_bear_nest_2, layout_cave_pools, grunt_gozag_statues,
          erik_lair_dragon
D:9:      layout_loops_corners, orc_0_dummy, kennysheep_nondescript,
          nrook_mini_vaults
D:10:     layout_roguey, uniq_sonja
D:11:     minmay_ambush_box, layout_cave_pods
D:12:     layout_long_grid, serial_shops, nicolae_lakefront_shop,
          nicolae_shop_waterfront, shop, shop, shop, gammafunk_ghost_grave
D:13:     layout_rooms
D:14:     layout_roguey, erik_vaults_1, minivault_24

Skill      XL: |  1  2  3  4  5  6  7  8  9 10 11 12 |
---------------+-------------------------------------+-----
Invocations    | 1 2 3 4 5 7 9 10 11 | 11.4
Armour         | 1 2 3 4 5 6 |  6.6
Fighting       | 4 5 6 8 9 11 | 11.9
Unarmed Combat | 4 5 6 8 9 11 | 11.9
Dodging        | 3 4 5 6 7 |  7.3
Shields        | 3 |  3.3
Stealth        | |  2.1

Action                   |  1- 3 |  4- 6 |  7- 9 | 10-12 || total
-------------------------+-------+-------+-------+-------++-------
Melee: Unarmed           |   100 |   218 |   385 |   583 ||  1286
       Punch             |     2 |     8 |    18 |    26 ||    54
Invok: Upheaval          |       |       |     2 |     1 ||     3
       Elemental Force   |       |       |       |     1 ||     1
  Use: Scroll            |       |       |    16 |     5 ||    21
       Potion            |       |       |       |     2 ||     2
 Stab: Sleeping          |     2 |     3 |       |       ||     5
       Petrified         |       |       |       |     4 ||     4
Armor: Ring mail         |    49 |   140 |   126 |    27 ||   342
       Plate armour      |       |       |       |   146 ||   146
       Chain mail        |       |       |       |    91 ||    91
Dodge: Dodged            |    54 |   220 |   157 |   133 ||   564
       Repelled          |       |       |       |     7 ||     7
Block: Other             |       |     4 |    87 |   179 ||   270
       Reflection        |       |       |     5 |     7 ||    12
       Buckler           |       |       |       |   103 ||   103

Table legend: (Time is in decaauts)
 A = Elapsed time spent in this place.
 B = Non-inter-level travel time spent in this place.
 C = Inter-level travel time spent in this place.
 D = Time resting spent in this place.
 E = Time spent auto-exploring this place.
 F = Levels seen in this place.
 G = Mean time per level.
                   A        B        C        D        E       F      G
               +--------+--------+--------+--------+--------+-----+--------+
         Total |  16159 |  15718 |    441 |   2833 |  10055 |  14 | 1154.2 |
       Dungeon |  16159 |  15718 |    441 |   2833 |  10055 |  14 | 1154.2 |
               +--------+--------+--------+--------+--------+-----+--------+

Top non-repeatable levels by time:
    D:11: 2035 daAuts
    D:12: 1981 daAuts
     D:1: 1649 daAuts
     D:8: 1406 daAuts
     D:9: 1232 daAuts
     D:2: 1191 daAuts
    D:13: 1095 daAuts
     D:6: 1069 daAuts
     D:7: 953 daAuts
     D:5: 912 daAuts
     D:3: 897 daAuts
     D:4: 759 daAuts
    D:10: 756 daAuts
    D:14: 219 daAuts
